AoeStats
← Pave

Golden Pit

508277946Analyzed
1v1 RM · 10d ago on Sep 21, 2026· 42m 19s· 2 players
Game mode
Random Map
Map size
Tiny (2 player)
Population
200
Speed
Normal
Resources
Standard
Victory
Conquest
Starting age
Dark Age
Ending age
Imperial Age
RankedLock teamsTeams togetherTeam positionsShared explorationLock speedFull tech treeHidden civsTurbo modeCheats
Victory
Defeat
🇸🇪 Huns · Sweden
1083
+18
🇩🇪 Bulgarians · Germany
1122
-18
Pave
7:24 Loom
10:03 Feudal Age
12:35 Scale Barding Armor
18:26 Castle Age
16:41 Double-Bit Axe
18:36 Light Cavalry
19:26 Bloodlines
19:39 Chain Barding Armor
23:02 Bow Saw
23:40 Horse Collar
33:20 Wheelbarrow
33:16 Heavy Plow
36:25 Imperial Age
34:28 Gold Mining
34:32 Stone Mining
35:05 Forging
34:58 Pikeman
36:46 Halberdier
38:43 Hussar
41:03 Two-Man Saw
40:52 Husbandry
41:10 Squires
KarlDerGrausame
11:05 Feudal Age
9:29 Loom
11:14 Feudal Age
12:50 Double-Bit Axe
19:39 Castle Age
19:50 Stone Mining
21:02 Bow Saw
23:42 Fletching
26:26 Bodkin Arrow
27:27 Pikeman
29:41 Forging
36:49 Wheelbarrow
42:21 Imperial Age
41:24 Iron Casting
Connection lost

Rejoining the realm…

Still unreachable

The connection could not be restored.

Session expired

The server has moved on; the page needs a fresh start.